 Dungeon Sprint DCSS version 0.27-a0-1317-gd1140b374c (console) character file.

Game seed: 67393440613819591

4200000 GreatCaesar the Conqueror (level 26, -26/266 HPs)
             Began as a Minotaur Fighter on June 21, 2021.
             Was the Champion of Makhleb.
             Annihilated by a large bag of meat (31 damage)
             ... in the Dungeon (Sprint VIII: "Arena of Blood").
             The game lasted 00:04:31 (42 turns).

GreatCaesar the Conqueror (Minotaur Fighter)          Turns: 42, Time: 00:04:32

Health: -26/266    AC: 13    Str: 32    XL:     26   Next: 97%
Magic:  19/41      EV: 21    Int:  5    God:    Makhleb [******]
Gold:   0          SH:  0    Dex: 11    Spells: 56/56 levels left

rFire    . . .     SeeInvis .   k - +∞ Axe of Woe
rCold    . . .     Faith    .   (shield currently unavailable)
rNeg     . . .     Spirit   .   b - +0 scale mail
rPois    .         Reflect  .   (helmet restricted)
rElec    .         Harm     .   (no cloak)
rCorr    .         Rampage  .   (no gloves)
Will     +....     NoTele   +   (no boots)
Stlth    ++++++++..             (no amulet)
HPRegen  0.54/turn              (no ring)
MPRegen  0.27/turn              (no ring)

@: no status effects
A: horns 2, retaliatory headbutt
a: Renounce Religion, Minor Destruction, Lesser Servant of Makhleb, Major
Destruction, Greater Servant of Makhleb


You were in the Dungeon.
You worshipped Makhleb.
Makhleb was exalted by your worship.
You visited 1 branch

Inventory:

Hand Weapons
 a - a +0 war axe
 k - the +∞ Axe of Woe (weapon)
   (You found it in the Dungeon)
Armour
 b - a +0 scale mail (worn)
 c - a +0 kite shield
Scrolls
 j - a scroll of blinking
Potions
 d - a potion of might
 e - a potion of curing
 f - a potion of heal wounds
 g - a potion of haste
 h - 2 potions of magic
 i - a potion of berserk rage


   Skills:
 O Level 27 Fighting
 + Level 22.4(25.5) Short Blades
 + Level 23.6(27) Long Blades
 O Level 27 Axes
 + Level 23.6(27) Maces & Flails
 + Level 23.9(27) Polearms
 + Level 23.9(27) Staves
 + Level 22.4(25.6) Slings
 + Level 22.4 Bows
 + Level 22.4 Crossbows
 + Level 20.9(23.9) Throwing
 O Level 27 Armour
 O Level 27 Dodging
 O Level 27 Stealth
 O Level 27 Shields
 + Level 22.4 Unarmed Combat
 + Level 15.7 Spellcasting
 + Level 16.9 Conjurations
 + Level 17.1 Hexes
 + Level 16.9 Summonings
 + Level 16.9 Necromancy
 + Level 16.9 Translocations
 + Level 18.2 Transmutations
 + Level 16.9 Fire Magic
 + Level 16.9 Ice Magic
 + Level 16.9 Air Magic
 + Level 18.2 Earth Magic
 + Level 18.4 Poison Magic
 + Level 22.7 Invocations
 + Level 21.1 Evocations


You had 56 spell levels left.
You didn't know any spells.
Your spell library was empty.

Dungeon Overview and Level Annotations

Branches:
Dungeon (1/1)

Altars:
Makhleb

Annotations:
D The Servant


Innate Abilities, Weirdness & Mutations

You have a pair of horns on your head.
You reflexively headbutt those who attack you in melee.


Message History

Your Poison Magic skill increases to level 18!
Your Invocations skill increases to level 22!
Unknown command.
Unknown command.
Unknown command.
Unknown command.
You slice the meat berserker!!
You chop the meat berserker into pieces.
You kill the meat berserker!
Makhleb accepts your kill.
You feel better.
You hit the bag of meat but do no damage.
You slaughter the bag of meat joyfully.
You kill the bag of meat!
Makhleb accepts your kill.
You are engulfed in blazing flames.
You hear a shout! x4
The eight-headed meat hydra calls on the powers of darkness!
The eight-headed meat hydra convulses!
The bag of meat convulses!
Your body is wracked with pain!
The meat berserker convulses!
You hear a shout! x2
A bag of meat comes into view. It is wielding a +9 war axe.
You hear a shout!
Your Hexes skill increases to level 17!
Your Transmutations skill increases to level 18!
Your Earth Magic skill increases to level 18!
Your Evocations skill increases to level 21!
Unknown command.
Unknown command.
A bag of meat comes into view. It is wielding a +9 war axe.
The sculptor of flesh appears out of thin air!
A sculptor of flesh comes into view. It is wielding a +9 great sword.
The meat berserker is engulfed in blazing flames.
You hear a shout! x2
The meat berserker is engulfed in blazing flames.
The bag of meat is engulfed in blazing flames.
The large bag of meat hits you with a +9 giant spiked club!!!!
* * * LOW HITPOINT WARNING * * *
The large bag of meat hits you with a +9 giant spiked club!!
You die...

...............
...............
#.oo...........
oO.o....§....
.o..........
#.oV....#
#○O.§...#
...###°O@....###.
.....z○○###......
#....○§o§D)......
.....☼#○§)).#....
......#_)<._# .
..... #...).#
#.z......_.....
.@......###......
...###... ..###.


You could see The Servant, a destroyer, 2 sculptors of flesh, a large bag of
meat (inner flame), 2 meat berserkers and 7 bags of meat.

Vanquished Creatures
  8 vampire knights (D)
  14 ogres (D)
  4 two-headed ogres (D)
  28 orcs (D)
54 creatures vanquished.

Notes
Turn   | Place    | Note
-------+----------+-------------------------------------------
     0 | D        | Found the +∞ Axe of Woe
     0 | D        | GreatCaesar the Minotaur Fighter began the quest for the
                  | Orb.
     0 | D        | Reached XP level 1. HP: 19/19 MP: 0/0
     1 | D        | Noticed a bag of meat
     2 | D        | Noticed a meat berserker
     2 | D        | Noticed a bag of meat
     3 | D        | Noticed a bag of meat
     4 | D        | Noticed a meat berserker
     4 | D        | Noticed a bag of meat
     6 | D        | Noticed a bag of meat
     7 | D        | Killed a meat berserker
     7 | D        | Noticed a bag of meat
     7 | D        | Noticed a meat berserker
     7 | D        | Noticed a bag of meat
     8 | D        | Reached XP level 2. HP: 59/59 MP: 1/1
     8 | D        | Reached XP level 3. HP: 66/66 MP: 2/2
     8 | D        | Reached XP level 4. HP: 74/74 MP: 3/3
     8 | D        | Reached XP level 5. HP: 81/81 MP: 4/4
     8 | D        | Reached XP level 6. HP: 90/90 MP: 5/5
     8 | D        | Reached XP level 7. HP: 96/96 MP: 6/6
     8 | D        | Reached XP level 8. HP: 105/105 MP: 7/7
     8 | D        | Reached XP level 9. HP: 112/112 MP: 8/8
     8 | D        | Reached XP level 10. HP: 121/121 MP: 9/9
     8 | D        | Reached XP level 11. HP: 127/127 MP: 10/10
     8 | D        | Reached XP level 12. HP: 136/136 MP: 11/11
     8 | D        | Reached XP level 13. HP: 143/143 MP: 12/12
     9 | D        | Killed a bag of meat
     9 | D        | Killed a meat berserker
    10 | D        | Reached XP level 14. HP: 85/162 MP: 13/13
    11 | D        | Became a worshipper of Makhleb the Destroyer
    11 | D        | Noticed a meat berserker
    12 | D        | Killed a bag of meat
    12 | D        | Killed a bag of meat
    12 | D        | Reached * piety under Makhleb
    12 | D        | Killed a bag of meat
    13 | D        | Reached skill level 27 in Fighting
    13 | D        | Reached skill level 27 in Armour
    13 | D        | Reached skill level 27 in Shields
    13 | D        | Reached XP level 15. HP: 45/174 MP: 14/14
    13 | D        | Killed a meat berserker
    13 | D        | Reached ** piety under Makhleb
    14 | D        | Reached skill level 27 in Axes
    14 | D        | Reached XP level 16. HP: 47/183 MP: 15/15
    15 | D        | Killed a meat berserker
    16 | D        | Reached skill level 5 in Stealth
    16 | D        | Reached skill level 5 in Evocations
    16 | D        | Reached XP level 17. HP: 98/191 MP: 15/22
    16 | D        | Noticed a meat berserker
    17 | D        | Reached skill level 5 in Transmutations
    17 | D        | Reached skill level 5 in Earth Magic
    17 | D        | Reached *** piety under Makhleb
    18 | D        | Reached skill level 5 in Conjurations
    18 | D        | Reached skill level 5 in Summonings
    18 | D        | Reached skill level 5 in Necromancy
    18 | D        | Reached skill level 5 in Translocations
    18 | D        | Reached skill level 5 in Fire Magic
    18 | D        | Reached skill level 5 in Ice Magic
    18 | D        | Reached skill level 5 in Air Magic
    18 | D        | Reached skill level 5 in Poison Magic
    18 | D        | Killed a meat berserker
    19 | D        | Reached skill level 5 in Spellcasting
    19 | D        | Reached skill level 5 in Hexes
    19 | D        | Reached XP level 18. HP: 128/200 MP: 15/24
    19 | D        | Noticed a large bag of meat
    19 | D        | Noticed a meat berserker
    20 | D        | Noticed a large bag of meat
    20 | D        | Noticed a large bag of meat
    20 | D        | Noticed a meat berserker
    21 | D        | Noticed a meat berserker
    21 | D        | Killed a large bag of meat
    22 | D        | Noticed a destroyer
    23 | D        | Killed a meat berserker
    23 | D        | Reached **** piety under Makhleb
    24 | D        | Reached skill level 27 in Dodging
    24 | D        | Reached XP level 19. HP: 61/207 MP: 16/26
    24 | D        | Noticed a meat berserker
    24 | D        | Noticed a meat berserker
    25 | D        | Killed a meat berserker
    25 | D        | Noticed a destroyer
    26 | D        | Reached skill level 27 in Stealth
    26 | D        | Killed a destroyer
    26 | D        | Reached ***** piety under Makhleb
    27 | D        | Reached skill level 10 in Short Blades
    27 | D        | Reached skill level 10 in Long Blades
    27 | D        | Reached skill level 10 in Maces & Flails
    27 | D        | Reached skill level 10 in Slings
    27 | D        | Reached skill level 10 in Bows
    27 | D        | Reached skill level 10 in Crossbows
    27 | D        | Reached skill level 10 in Unarmed Combat
    27 | D        | Reached skill level 10 in Invocations
    27 | D        | Reached XP level 20. HP: 143/216 MP: 16/29
    27 | D        | Noticed a destroyer
    27 | D        | Noticed a destroyer
    28 | D        | Reached skill level 10 in Throwing
    28 | D        | Reached skill level 10 in Evocations
    28 | D        | Killed a meat berserker
    28 | D        | Noticed a destroyer
    29 | D        | Reached skill level 10 in Transmutations
    29 | D        | Reached skill level 10 in Earth Magic
    29 | D        | Reached skill level 10 in Poison Magic
    29 | D        | Reached XP level 21. HP: 209/224 MP: 16/32
    29 | D        | Killed a destroyer
    29 | D        | Reached ****** piety under Makhleb
    29 | D        | Killed a destroyer
    29 | D        | Noticed a destroyer
    30 | D        | Reached skill level 15 in Short Blades
    30 | D        | Reached skill level 15 in Long Blades
    30 | D        | Reached skill level 15 in Maces & Flails
    30 | D        | Reached skill level 15 in Polearms
    30 | D        | Reached skill level 15 in Staves
    30 | D        | Reached skill level 15 in Slings
    30 | D        | Reached skill level 15 in Bows
    30 | D        | Reached skill level 15 in Crossbows
    30 | D        | Reached skill level 15 in Unarmed Combat
    30 | D        | Reached skill level 10 in Spellcasting
    30 | D        | Reached XP level 22. HP: 220/233 MP: 17/35
    30 | D        | Killed a destroyer
    31 | D        | Reached skill level 15 in Throwing
    31 | D        | Reached skill level 15 in Evocations
    31 | D        | Reached XP level 23. HP: 224/240 MP: 17/37
    31 | D        | Killed a large bag of meat
    31 | D        | Noticed a large bag of meat
    32 | D        | Noticed a large bag of meat
    33 | D        | Killed a destroyer
    33 | D        | Killed a large bag of meat
    33 | D        | Noticed a destroyer
    34 | D        | Reached skill level 15 in Transmutations
    34 | D        | Reached skill level 15 in Earth Magic
    34 | D        | Reached skill level 15 in Poison Magic
    34 | D        | Reached XP level 24. HP: 206/249 MP: 17/39
    34 | D        | Killed a destroyer
    35 | D        | Reached XP level 25. HP: 231/257 MP: 18/39
    35 | D        | Noticed a destroyer
    35 | D        | Noticed a destroyer
    36 | D        | Reached skill level 15 in Conjurations
    36 | D        | Reached skill level 15 in Hexes
    36 | D        | Reached skill level 15 in Summonings
    36 | D        | Reached skill level 15 in Necromancy
    36 | D        | Reached skill level 15 in Translocations
    36 | D        | Reached skill level 15 in Fire Magic
    36 | D        | Reached skill level 15 in Ice Magic
    36 | D        | Reached skill level 15 in Air Magic
    37 | D        | Killed a destroyer
    38 | D        | Reached XP level 26. HP: 195/266 MP: 18/40
    40 | D        | Killed a large bag of meat
    40 | D        | Killed a destroyer
    40 | D        | Noticed The Servant
    41 | D        | Reached skill level 15 in Spellcasting
    42 | D        | HP: 5/266 [large bag of meat (101)]
    42 | D        | Annihilated by a large bag of meat

Illustrated notes

Levels and vault maps discovered:
D:        meatsprint

Skill      XL: |  1  2  3  4  5  6  7  8  9 10 11 12 13 14 15 16 17 18 19 20 21 22 23 24 25 26 |
---------------+-------------------------------------------------------------------------------+-----
Fighting       | 21 25 27 | 27.0
Axes           | 13 17 23 27 | 27.0
Armour         | 21 25 27 | 27.0
Shields        | 20 24 27 | 27.0
Short Blades   | 6 8 10 13 15 16 18 19 21 22 | 22.4
Long Blades    | 6 7 10 13 15 16 19 20 22 23 | 23.6
Maces & Flails | 6 7 10 13 15 16 19 20 22 23 | 23.6
Polearms       | 6 8 11 13 15 17 19 20 22 23 | 23.9
Staves         | 6 8 11 13 15 17 19 20 22 23 | 23.9
Slings         | 6 8 10 13 15 16 18 19 21 22 | 22.4
Bows           | 6 8 10 13 15 16 18 19 21 22 | 22.4
Crossbows      | 6 8 10 13 15 16 18 19 21 22 | 22.4
Throwing       | 6 7 8 9 12 13 15 17 18 19 20 | 20.9
Dodging        | 6 21 27 | 27.0
Stealth        | 5 6 16 27 | 27.0
Unarmed Combat | 6 8 10 13 15 16 18 19 21 22 | 22.4
Spellcasting   | 4 5 6 8 10 11 13 14 15 | 15.7
Conjurations   | 4 5 6 7 9 11 12 14 15 16 | 16.9
Hexes          | 4 5 7 9 11 12 14 15 17 | 17.1
Summonings     | 4 5 6 7 9 11 12 14 15 16 | 16.9
Necromancy     | 4 5 6 7 9 11 12 14 15 16 | 16.9
Translocations | 4 5 6 7 9 11 12 14 15 16 | 16.9
Transmutations | 4 6 8 10 11 12 15 17 18 | 18.2
Fire Magic     | 4 5 6 7 9 11 12 14 15 16 | 16.9
Ice Magic      | 4 5 6 7 9 11 12 14 15 16 | 16.9
Air Magic      | 4 5 6 7 9 11 12 14 15 16 | 16.9
Earth Magic    | 4 6 8 10 12 15 17 18 | 18.2
Poison Magic   | 4 5 6 7 10 11 12 15 17 18 | 18.4
Invocations    | 6 7 8 10 12 14 16 18 19 21 22 | 22.7
Evocations     | 5 6 7 9 11 13 15 17 18 19 21 | 21.1

Action                   |  1- 3 |  4- 6 |  7- 9 | 10-12 | 13-15 | 16-18 | 19-21 | 22-24 | 25-27 || total
-------------------------+-------+-------+-------+-------+-------+-------+-------+-------+-------++-------
Melee: Executioner's axe |     1 |       |       |       |     3 |     6 |     5 |     4 |     7 ||    26

Table legend: (Time is in decaauts)
 A = Elapsed time spent in this place.
 B = Non-inter-level travel time spent in this place.
 C = Inter-level travel time spent in this place.
 D = Time resting spent in this place.
 E = Time spent auto-exploring this place.
 F = Levels seen in this place.
 G = Mean time per level.
                   A        B        C        D        E       F      G
               +--------+--------+--------+--------+--------+-----+--------+
         Total |     36 |     36 |      0 |      0 |      0 |   1 |   36.0 |
       Dungeon |     36 |     36 |      0 |      0 |      0 |   1 |   36.0 |
               +--------+--------+--------+--------+--------+-----+--------+

Top non-repeatable levels by time:
       D: 36 daAuts
